Map: 2000 Atmospheres LE

Players

Antis

  • Race: Zerg Zerg

Neeb - Winner!

  • Race: Protoss Protoss

Event: DreamHack SC2 Masters 2021 Fall

VOD

Have the link to the VOD?

Description

Time

  • Played on: Aug. 4, 2021, 5:47 p.m.
  • Length: 8:40

All games in this series

Show
View Real Time Build Order
Export as new Build Order

Antis Zerg 

Build Orders: Hatch First 

Get SALT Encoding   

  12  0:00  Drone  
  13  0:12  Overlord  
  13  0:17  Drone  
  14  0:31  Drone x2  
  16  0:46  Drone  
  17  0:52  Hatchery  
  17  0:55  Drone  
  17  0:58  Drone  
  18  1:11  Extractor  
  18  1:13  Spawning Pool  
  18  1:18  Drone  
  17  1:24  Drone  
  18  1:35  Drone  
  19  1:41  Drone  
  20  1:52  Overlord  
  20  2:01  Queen  
  20  2:04  Queen  
  20  2:05  Zergling x4  
  26  2:12  Drone  
  26  2:15  Drone  
  28  2:20  Metabolic Boost  
  28  2:23  Drone  
  29  2:33  Drone  
  30  2:38  Hatchery  
  30  2:42  Drone x2  
  31  2:49  Queen  
  33  2:54  Overlord  
  33  3:02  Drone x3  
  36  3:06  Overlord  
  36  3:14  Drone x3  
  36  3:15  Drone  
  36  3:18  Drone  
  36  3:19  Drone  
  42  3:22  Zergling x4  
  44  3:29  Queen  
  44  3:32  Overlord  
  46  3:45  Spore Crawler, Overlord  
  45  3:49  Queen  
  45  3:52  Drone x4  
  45  3:54  Spore Crawler  
  50  4:00  Drone x3  
  52  4:06  Drone x3  
  55  4:13  Drone x4  
  55  4:15  Overlord  
  59  4:21  Drone x3  
  62  4:24  Overlord  
  62  4:32  Drone x2  
  62  4:36  Extractor, Roach Warren  
  62  4:38  Evolution Chamber  
  59  4:39  Drone x4  
  59  4:44  Drone x2  
  62  4:45  Drone  
  62  4:51  Lair  
  63  4:55  Drone x3  
  63  4:59  Drone x3  
  68  5:01  Drone x2  
  68  5:06  Zerg Missile Weapons Level 1  
  70  5:09  Drone x3  
  73  5:14  Zergling x4  
  73  5:19  Drone x2  
  73  5:20  Extractor, Drone x3  
  79  5:22  Extractor  
  79  5:23  Queen, Extractor  
  79  5:25  Extractor, Overlord  
  79  5:27  Queen  
  80  5:34  Zergling x2  
  81  5:35  Drone  
  81  5:39  Overlord x2  
  81  5:48  Drone x4  
  82  5:53  Drone x5  
  85  5:57  Glial Reconstitution  
  85  6:02  Spore Crawler  
  84  6:04  Queen  
  84  6:07  Infestation Pit  
  84  6:09  Queen x2  
  89  6:13  Drone x4  
  89  6:14  Drone x3  
  94  6:32  Hydralisk Den  
  93  6:41  Zergling x2  
  93  6:42  Zergling x14  
  93  6:43  Hatchery  
  93  6:46  Hive  
  100  6:52  Overlord x4  
  100  7:02  Overlord  
  100  7:10  Evolution Chamber  
  100  7:16  Drone x3  
  100  7:17  Drone  
  100  7:21  Grooved Spines  
  100  7:22  Overlord x2  
  104  7:23  Queen x2  
  104  7:24  Hatchery  
  107  7:31  Hatchery  
  98  7:43  Drone x2  
  98  7:44  Drone x2  
  101  7:45  Overlord x3  
  101  7:49  Overlord x3  
  101  7:50  Hydralisk x6  
  113  7:52  Overseer  
  113  7:53  Overseer  
  111  7:58  Queen  
  111  8:04  Hydralisk x5  
Show
View Real Time Build Order
Export as new Build Order

Neeb Protoss - Winner!

Build Orders: 1 Gate Expand, Oracle Opening, Zealot Archon 

Get SALT Encoding   

  12  0:00  Probe  
  13  0:12  Probe  
  14  0:19  Pylon  
  14  0:24  Probe  
  15  0:37  Probe (Chrono Boost)  
  15  0:39  Gateway  
  16  0:47  Probe (Chrono Boost)  
  16  0:49  Assimilator  
  17  0:51  Probe (Chrono Boost)  
  18  1:03  Probe  
  19  1:15  Probe  
  20  1:25  Nexus  
  20  1:35  Cybernetics Core  
  20  1:37  Probe  
  21  1:43  Assimilator  
  21  1:49  Probe  
  21  1:53  Pylon  
  22  2:01  Probe (Chrono Boost)  
  23  2:11  Adept  
  23  2:12  Probe (Chrono Boost)  
  26  2:17  Probe (Chrono Boost)  
  27  2:24  Stargate  
  27  2:29  Probe (Chrono Boost)  
  28  2:32  Warp Gate  
  29  2:38  Probe (Chrono Boost)  
  29  2:41  Adept, Probe (Chrono Boost)  
  32  2:48  Probe (Chrono Boost)  
  32  2:49  Probe (Chrono Boost)  
  34  2:51  Gateway  
  34  2:54  Probe (Chrono Boost)  
  34  2:55  Probe  
  36  2:59  Void Ray (Chrono Boost)  
  36  3:06  Probe  
  36  3:07  Probe  
  42  3:15  Pylon  
  42  3:18  Probe  
  42  3:19  Probe  
  44  3:21  Adept  
  46  3:33  Probe x2  
  48  3:35  Pylon  
  48  3:37  Oracle (Chrono Boost)  
  51  3:45  Probe x2  
  53  3:51  Pylon  
  53  3:58  Nexus, Probe  
  53  4:01  Probe  
  55  4:03  Assimilator  
  55  4:05  Assimilator  
  55  4:10  Probe  
  55  4:11  Pylon  
  55  4:15  Probe  
  57  4:17  Stargate  
  57  4:22  Probe  
  58  4:26  Void Ray (Chrono Boost)  
  58  4:27  Probe  
  59  4:34  Probe  
  64  4:39  Probe  
  62  4:46  Probe  
  62  4:49  Pylon  
  62  4:51  Probe  
  64  4:57  Adept  
  64  4:58  Probe  
  64  4:59  Void Ray (Chrono Boost)  
  67  5:00  Void Ray (Chrono Boost)  
  67  5:03  Probe  
  67  5:04  Shield Battery  
  76  5:10  Probe  
  76  5:11  Probe  
  78  5:14  Forge  
  78  5:15  Probe  
  78  5:17  Twilight Council  
  79  5:22  Pylon, Probe  
  79  5:23  Probe  
  79  5:24  Assimilator  
  79  5:28  Assimilator, Probe  
  82  5:31  Void Ray  
  82  5:34  Void Ray, Probe  
  82  5:35  Probe  
  83  5:41  Probe  
  92  5:48  Probe  
  92  5:49  Protoss Ground Weapons Level 1 (Chrono Boost)  
  93  5:51  Probe  
  90  5:57  Charge, Probe  
  90  6:00  Probe  
  90  6:01  Zealot x2  
  90  6:03  Probe  
  97  6:06  Robotics Facility  
  97  6:08  Pylon  
  97  6:09  Probe  
  98  6:24  Gateway  
  98  6:26  Sentry x2  
  98  6:27  Gateway  
  98  6:28  Gateway  
  98  6:30  Gateway  
  102  6:32  Gateway  
  102  6:35  Gateway  
  102  6:36  Templar Archives  
  102  6:41  Pylon  
  102  6:43  Pylon, Probe  
  102  6:44  Void Ray  
  103  6:50  Gateway  
  103  6:51  Gateway, Void Ray  
  103  6:54  Observer  
  112  7:04  Pylon  
  112  7:05  Pylon  
  112  7:14  Pylon  
  112  7:16  Pylon  
  116  7:24  High Templar x2, Zealot x4  
  116  7:25  Probe x2  
  116  7:26  Probe  
  131  7:30  Archon  
  131  7:35  Nexus  
  131  7:41  Pylon, Probe x2  
  131  7:42  Warp Prism (Chrono Boost)  
  133  7:48  Zealot x5  
  141  7:57  High Templar x4, Zealot  
  147  8:02  Archon  
  147  8:09  Archon  
  145  8:16  Zealot x5  
  155  8:32  Zealot x2  
  155  8:33  Zealot x3  

Tags
 
Add a new tag
Caveats
  • Supply blocks, unpowered buildings, or Contaminate may cause inaccurate times.
  • Supply counts are checked every 10 seconds.